 Dungeon Crawl Stone Soup version 0.26-a0-854-gdc81c2f471 (console) character file.

Game seed: 9250936975276360844

4340 om the Cleaver (level 10, -8/78 HPs)
             Began as a Minotaur Berserker on Nov 23, 2020.
             Was a High Priest of Trog.
             Killed from afar by Erica (21 damage)
             ... with a bolt of acid
             ... on level 9 of the Dungeon.
             The game lasted 00:11:04 (9857 turns).

om the Cleaver (Minotaur Berserker)                 Turns: 9857, Time: 00:11:05

Health: -8/78      AC:  8    Str: 24    XL:     10   Next: 12%
Magic:  9/9        EV: 11    Int:  7    God:    Trog [*****.]
Gold:   582        SH:  5    Dex: 11    Spells: 9/9 levels left

rFire    . . .     SeeInvis .   b - +2 hunting sling (flame)
rCold    . . .     Faith    .   s - +0 buckler
rNeg     . . .     Spirit   .   F - +0 chain mail
rPois    .         Reflect  .   (helmet restricted)
rElec    .         Harm     +   r - scarf {harm}
rCorr    .         Rampage  .   B - +1 pair of gloves of Ennui {Int+3}
MR       .....                  (no boots)
Stlth    ..........             (no amulet)
HPRegen  0.23/turn              C - +4 ring of protection
MPRegen  0.11/turn              (no ring)

@: corroded, slowed, very slow
A: retaliatory headbutt, horns 2
a: Berserk, Trog's Hand, Brothers in Arms, Renounce Religion


You were on level 9 of the Dungeon.
You worshipped Trog.
Trog was extremely pleased with you.
You visited 1 branch of the dungeon, and saw 9 of its levels.
You also visited: Ossuary.

You collected 582 gold pieces.

Inventory:

Hand Weapons
 a - the +8 broad axe "Igoapn" {vorpal, *Rage Int+6 Dex+3}
   (Trog gifted it to you on level 7 of the Dungeon)

   It inflicts extra damage upon your enemies.
   It affects your intelligence (+6).
   It affects your dexterity (+3).
   It may make you go berserk in combat.
 b - a +2 hunting sling of flaming (weapon)
 E - a +4 hand axe of venom
Missiles
 k - 230 stones (quivered)
Armour
 n - a +0 ring mail
 r - a scarf of harm (worn)
 s - a +0 buckler (worn)
 B - the +1 pair of gloves of Ennui (worn) {Int+3}
   (You found it on level 7 of the Dungeon)

   It affects your intelligence (+3).
 F - a +0 chain mail (worn)
Jewellery
 y - an uncursed ring of fire {unknown}
 C - a +4 ring of protection (left hand)
Wands
 e - a wand of random effects (26)
 t - a wand of acid (10)
Scrolls
 h - 7 scrolls of teleportation
 i - 2 scrolls of noise {unknown}
 j - 3 scrolls of remove curse
 m - 4 scrolls of fear
 o - 3 scrolls of blinking
 p - 2 scrolls of enchant armour
 u - a scroll of summoning {unknown}
 x - a scroll of immolation {unknown}
 A - a scroll of fog
 D - a scroll of holy word {unknown}
Potions
 c - a potion of invisibility
 d - a potion of resistance
 f - a potion of ambrosia {unknown}
 g - a potion of mutation {unknown}
 l - 3 potions of curing
 q - 4 potions of haste
 v - 3 potions of heal wounds
 w - a potion of might {unknown}
 z - 2 potions of flight {unknown}


   Skills:
 - Level 4.0 Fighting
 * Level 12.2 Axes
 - Level 7.0 Slings
 - Level 6.0 Armour
 - Level 6.0 Dodging
 - Level 6.0 Shields


You had 9 spell levels left.
You didn't know any spells.
Your spell library was empty.

Dungeon Overview and Level Annotations

Branches:
Dungeon (9/15)             Temple (0/1) D:4         Ossuary (visited)
   Lair: D:8-11         Orc: D:9-12

Altars:
Ashenzari
Elyvilon
Fedhas
Gozag
Nemelex Xobeh
Qazlal
Trog
Vehumet
Zin

Annotations:
D:7 2 transporters
D:9 Erica


Innate Abilities, Weirdness & Mutations

You reflexively headbutt those who attack you in melee.
You have a pair of horns on your head.


Message History

You are poisoned.
As you read the scroll of teleportation, it crumbles to dust.
You feel strangely unstable.
You feel very sick.
You feel sick.
You hear a zap.
A bolt of acid appears from out of thin air!
The bolt of acid hits you. The acid corrodes you!
You are splashed with acid!
You hear a zap.
A bolt of acid appears from out of thin air!
The bolt of acid hits you!
* * * LOW HITPOINT WARNING * * *
The acid corrodes you!
You are splashed with acid!
* * * LOW HITPOINT WARNING * * *
You feel better.
Your surroundings seem slightly different.
You hear a zap.
A bolt of acid appears from out of thin air!
The bolt of acid hits you!!
You die...

..................#
######<..........#
#....#†)..........
###....#....|.......
#......#.....#+####.
#.(#......#.....#
#..+......#.....#
######?.#...)..####..#
#.$.....+.........#..#
#.......#.........#..#
#..>....##.@......+..#
#.................#..#
#......{..........#..######.
#######.......#####.........
#.§...................
#..(..............####
##........#####...#
#........#...'...#
#........#...#...#
#........#...#...#
#...####.#####...#


There were no monsters in sight!

Vanquished Creatures
  A two-headed ogre (D:7)
  6 yaks
  3 ice beasts
  A phantom (D:6)
  6 ogres
  A centaur (D:6)
  A wolf (D:9)
  3 bullfrogs
  2 water moccasin zombies (Ossuary)
  5 killer bees (D:7)
  2 bullfrog zombies
  A quasit (D:6)
  2 orc priests (D:4)
  4 hounds
  3 jellies
  6 orc wizards
  A centaur skeleton (D:4)
  An iguana (D:4)
  Natasha (thrice) (D:3)
  5 worker ants (D:4)
  The ghost of DocClef the Covert, a weakling GnDe (D:5)
  2 bullfrog simulacra (D:9)
  4 big kobold zombies (Ossuary)
  A hound zombie (D:8)
  A hound skeleton (D:7)
  2 mummies (Ossuary)
  A worker ant zombie (D:6)
  14 adders
  4 shadow imps
  A white imp (D:5)
  2 ufetubi (D:5)
  An adder skeleton (D:7)
  An adder zombie (Ossuary)
  4 worms
  3 dart slugs
  6 leopard geckos
  20 orcs
  7 bats
  9 giant cockroaches
  3 gnoll zombies (Ossuary)
  10 goblins
  12 hobgoblins
  4 jackals (D:1)
  8 kobolds
  5 quokkas
  A ball python (D:6)
  9 frilled lizards
  8 hobgoblin zombies (Ossuary)
  8 kobold zombies (Ossuary)
  A leopard gecko skeleton (D:4)
  5 orc zombies (Ossuary)
  2 quokka zombies
  11 rats
228 creatures vanquished.

Vanquished Creatures (others)
  46 plants (D:4)
46 creatures vanquished.

Grand Total: 274 creatures vanquished

Notes
Turn   | Place    | Note
-------+----------+-------------------------------------------
     0 | D:1      | om the Minotaur Berserker began the quest for the Orb.
     0 | D:1      | Reached XP level 1. HP: 19/19 MP: 0/0
   273 | D:1      | Reached XP level 2. HP: 24/27 MP: 1/1
   305 | D:1      | Reached skill level 4 in Axes
   792 | D:1      | Reached XP level 3. HP: 33/33 MP: 2/2
   795 | D:1      | Reached ** piety under Trog
  1407 | D:2      | Reached XP level 4. HP: 40/40 MP: 3/3
  1431 | D:2      | Reached skill level 5 in Axes
  1673 | D:2      | Found a bloodstained altar of Trog.
  2148 | D:3      | Reached XP level 5. HP: 35/46 MP: 4/4
  2485 | D:3      | Reached *** piety under Trog
  2625 | D:3      | Noticed Natasha
  2635 | D:3      | Killed Natasha
  2636 | D:3      | Reached skill level 1 in Slings
  2979 | D:3      | Noticed Natasha
  2985 | D:3      | Killed Natasha
  2986 | D:3      | Reached skill level 6 in Axes
  2986 | D:3      | Reached XP level 6. HP: 52/52 MP: 5/5
  3238 | D:3      | Noticed Natasha
  3252 | D:3      | Killed Natasha
  4045 | D:4      | Reached XP level 7. HP: 59/59 MP: 6/6
  4551 | D:4      | Found a staircase to the Ecumenical Temple.
  4898 | D:5      | Entered Level 5 of the Dungeon
  4929 | D:5      | Reached skill level 7 in Axes
  5070 | D:5      | Reached **** piety under Trog
  5072 | D:5      | Reached skill level 1 in Shields
  5343 | D:5      | Found a large runed translucent door.
  5345 | D:5      | Found a large runed translucent door.
  5347 | D:5      | Noticed DocClef's ghost (weakling GnDe)
  5376 | D:5      | Killed DocClef's ghost
  5629 | D:5      | Reached skill level 5 in Armour
  6289 | D:5      | Reached XP level 8. HP: 66/66 MP: 7/7
  6552 | D:6      | Found a sand-covered staircase.
  6564 | Ossuary  | Entered an ossuary
  7005 | D:6      | Reached skill level 8 in Axes
  7042 | D:6      | Reached skill level 5 in Slings
  7102 | D:6      | Reached skill level 5 in Dodging
  7431 | D:6      | Found a blossoming altar of Fedhas.
  7431 | D:6      | Found a white marble altar of Elyvilon.
  7432 | D:6      | Found an opulent altar of Gozag.
  7523 | D:7      | Noticed a red ugly thing
  7523 | D:7      | Noticed a two-headed ogre
  7529 | D:7      | Killed a two-headed ogre
  7530 | D:7      | Reached skill level 9 in Axes
  7530 | D:7      | Reached skill level 5 in Shields
  7530 | D:7      | Reached XP level 9. HP: 71/71 MP: 8/8
  7669 | D:7      | Found a sparkling altar of Nemelex Xobeh.
  7740 | D:7      | Reached ***** piety under Trog
  8207 | D:7      | Got a pair of ancient gloves
  8213 | D:7      | Identified the +1 pair of gloves of Ennui {Int+3} (You
                  | found it on level 7 of the Dungeon)
  8308 | D:7      | Found a glowing silver altar of Zin.
  8308 | D:7      | Noticed an angel
  8364 | D:7      | Found a transporter.
  8365 | D:7      | Noticed a boulder beetle
  8449 | D:7      | Found a broken altar of Ashenzari.
  8449 | D:7      | Found a faded altar of an unknown god.
  8456 | D:7      | Found a radiant altar of Vehumet.
  8459 | D:7      | Found a faded altar of an unknown god.
  8461 | D:7      | Found a stormy altar of Qazlal.
  8571 | D:7      | Found a transporter.
  8695 | D:7      | Received a gift from Trog
  8696 | D:7      | Reached skill level 10 in Axes
  8696 | D:7      | Got a crystal broad axe {god gift}
  8697 | D:7      | Identified the +8 broad axe "Igoapn" {vorpal, *Rage Int+6
                  | Dex+3} (Trog gifted it to you on level 7 of the Dungeon)
  8701 | D:8      | Reached skill level 11 in Axes
  9604 | D:8      | Reached XP level 10. HP: 78/78 MP: 9/9
  9737 | D:9      | Reached skill level 12 in Axes
  9850 | D:9      | Noticed Erica
  9857 | D:9      | Killed from afar by Erica

Illustrated notes

Levels and vault maps discovered:
D:1:      lightli_arrival_maybe_door_vault, layout_basic, chequers_arboretum,
          chequers_serial_rivers_small_b
D:2:      layout_basic, minmay_misc_feat_rows, trog_book
D:3:      layout_rooms, serial_corexii_hall, chequers_hall_statues_wall_a,
          corexii_hall_statues_i, minmay_fractal_squares_diagonal_5,
          uniq_natasha
D:4:      layout_loops_cross, temple_fountains, serial_bayou,
          serial_bayou_pond_a, serial_bayou_shore_b, serial_bayou_lagoon_a,
          serial_bayou_pond_c
D:5:      layout_basic, ebering_ghost_disaster_area
D:6:      layout_gridville, gammafunk_temple_overflow_claw, enter_ossuary_2
D:7:      gammafunk_the_bubble [the_bubble_gammafunk_grid], layout_basic,
          chequers_temple_overflow_minitemple, zin_angel, marbit_many_paths
D:8:      layout_gridville
D:9:      layout_irregular_city, lemuel_zombie_altar_yredelemnul,
          kennysheep_mini_moat, david_lair_shrubbed, serial_ice, serial_ice_g,
          serial_ice_m, serial_ice_e, serial_ice_j, serial_ice_h, serial_ice_d,
          uniq_erolcha, uniq_erica, uniq_pikel, uniq_maggie

Skill      XL: |  1  2  3  4  5  6  7  8  9 10 |
---------------+-------------------------------+-----
Axes           | 4 5 6 7 9 11 12 | 12.2
Fighting       | 4 |  4.0
Armour         | 3 4 5 6 |  6.0
Dodging        | 3 4 5 6 |  6.0
Slings         | 1 3 4 6 7 |  7.0
Shields        | 2 5 6 |  6.0

Action                   |  1- 3 |  4- 6 |  7- 9 | 10-12 || total
-------------------------+-------+-------+-------+-------++-------
Melee: Hand axe          |    69 |   132 |   208 |       ||   409
       Headbutt          |    14 |    19 |    42 |       ||    75
       Broad axe         |       |       |    20 |    11 ||    31
 Fire: Hunting sling     |       |     3 |    50 |     9 ||    62
Invok: Berserk           |     4 |     7 |     7 |       ||    18
  Use: Scroll            |     3 |     1 |     9 |     1 ||    14
       Potion            |       |     5 |     1 |     1 ||     7
Armor: Animal skin       |    23 |    16 |       |       ||    39
       Skin              |       |    29 |       |       ||    29
       Ring mail         |       |     9 |    50 |     4 ||    63
Dodge: Dodged            |    55 |   101 |   112 |     5 ||   273
Block: Buckler           |       |       |    26 |     2 ||    28

Table legend: (Time is in decaauts)
 A = Elapsed time spent in this place.
 B = Non-inter-level travel time spent in this place.
 C = Inter-level travel time spent in this place.
 D = Time resting spent in this place.
 E = Time spent auto-exploring this place.
 F = Levels seen in this place.
 G = Mean time per level.
                   A        B        C        D        E       F      G
               +--------+--------+--------+--------+--------+-----+--------+
         Total |  10031 |   9630 |    401 |   2525 |   5814 |  10 | 1003.1 |
       Dungeon |   9617 |   9216 |    401 |   2427 |   5584 |   9 | 1068.6 |
       Ossuary |    414 |    414 |      0 |     98 |    230 |   1 |  414.0 |
               +--------+--------+--------+--------+--------+-----+--------+

Top non-repeatable levels by time:
     D:3: 1653 daAuts
     D:5: 1639 daAuts
     D:7: 1210 daAuts
     D:4: 1201 daAuts
     D:1: 1144 daAuts
     D:2: 1034 daAuts
     D:8: 984 daAuts
     D:6: 561 daAuts
 Ossuary: 414 daAuts
     D:9: 188 daAuts
